 Dungeon Sprint DCSS version 0.26-a0-649-gf8c6c3aab7 (webtiles) character file.

Game seed: 408197111072073579

710 sahdkjhfkaj the Blocker (level 7, -2/69 HPs)
             Began as a Deep Dwarf Fighter on Sept 27, 2020.
             Was an Elder of Makhleb.
             Slain by a flayed ghost (4 damage)
             ... in the Dungeon (Sprint VII: "The Pits").
             The game lasted 00:01:12 (361 turns).

sahdkjhfkaj the Blocker (Deep Dwarf Fighter)         Turns: 361, Time: 00:01:13

Health: -2/69      AC: 13    Str: 22    XL:     7   Next: 40%
Magic:  8/9        EV: 10    Int:  8    God:    Makhleb [****..]
Gold:   0          SH: 12    Dex: 12    Spells: 6/6 levels left

rFire    . . .     SeeInvis .   a - +0 war axe
rCold    . . .     Faith    .   c - +0 kite shield
rNeg     . . .     Spirit   .   p - +3 chain mail
rPois    .         Reflect  .   (no helmet)
rElec    .         Harm     .   (no cloak)
rCorr    .         Rampage  .   (no gloves)
MR       +....     NoTele   +   (no boots)
Stlth    ..........             (no amulet)
HPRegen  0.00/turn              (no ring)
MPRegen  0.11/turn              (no ring)

@: flayed, non-regenerating
A: damage resistance, heal wounds, sense surroundings 1, no regeneration
a: Heal Wounds, Minor Destruction, Lesser Servant of Makhleb, Major Destruction,
Renounce Religion


You were in the Dungeon.
You worshipped Makhleb.
Makhleb was greatly pleased with you.
You visited 1 branch

Inventory:

Hand Weapons
 a - a +0 war axe (weapon)
Armour
 c - a +0 kite shield (worn)
 p - a +3 chain mail (worn)
Scrolls
 j - a scroll of blinking
 l - 3 scrolls of remove curse
 m - 5 scrolls of amnesia
 n - a scroll of summoning
 o - 2 scrolls of vulnerability
Potions
 d - a potion of might
 e - 6 potions of curing
 f - 4 potions of heal wounds
 g - a potion of haste
 h - 4 potions of magic
 i - 3 potions of berserk rage
 k - 2 potions of invisibility


   Skills:
 + Level 6.1 Fighting
 * Level 9.6 Axes
 + Level 7.4 Armour
 + Level 6.5 Dodging
 * Level 10.0 Shields
 + Level 3.0 Invocations


You had 6 spell levels left.
You didn't know any spells.
Your spell library was empty.

Dungeon Overview and Level Annotations

Branches:
Dungeon (1/1)

Altars:
Ashenzari
Cheibriados
Dithmenos
Elyvilon
Fedhas
Gozag
Hepliaklqana
Kikubaaqudgha
Makhleb
Nemelex Xobeh
Okawaru
Qazlal
Ru
Sif Muna
Trog
Uskayaw
Vehumet
Wu Jian
Xom
Yredelemnul
Zin
The Shining One
Beogh
Jiyva
Lugonu


Innate Abilities, Weirdness & Mutations

You are resistant to damage.
You can heal yourself by infusing magical energy.
You passively map a small area around you.
You do not regenerate.


Message History

You closely miss the flayed ghost.
The flayed ghost is severely damaged.
The flayed ghost hits you! The gnoll closely misses you.
You are too injured to fight recklessly!
You are too injured to fight recklessly!
You hit the flayed ghost but do no damage.
The flayed ghost is severely damaged.
The flayed ghost hits you.
The gnoll hits you from afar with a +0 spear.
You hit the flayed ghost.
The flayed ghost is severely damaged.
The flayed ghost hits you.
* * * LOW HITPOINT WARNING * * *
The gnoll closely misses you.
You closely miss the flayed ghost.
The flayed ghost is severely damaged.
The flayed ghost hits you!!
* * * LOW HITPOINT WARNING * * *
You block the gnoll's attack. The flayed ghost hits you.
You die...

#.#........##.......#
,
#.#........##.......#
#'###########.......#
,, #.......#,,
######### #...#...#,
#### , #...#...#
....#,
#.##.##.#+#g...# ,
#...#...#.W....+
#...#...#@#, *
#.......†.# *
########### *


You could see a flayed ghost and a gnoll.

Vanquished Creatures
  A dream sheep (D)
  A warg (D)
  A floating eye (D)
  2 black bears (D)
  An orc warrior (D)
  An orc priest (D)
  A mummy (D)
  An ufetubus (D)
  A leopard gecko (D)
  An orc (D)
  A ball python (D)
  2 jackals (D)
  A quokka (D)
  3 bats (D)
  2 frilled lizards (D)
20 creatures vanquished.

Notes
Turn   | Place    | Note
-------+----------+-------------------------------------------
     0 | D        | sahdkjhfkaj the Deep Dwarf Fighter began the quest for the
                  | Orb.
     0 | D        | Reached XP level 1. HP: 20/20 MP: 1/1
    11 | D        | Noticed a floating eye
    13 | D        | Paralysed by a floating eye for 2 turns
    19 | D        | Paralysed by a floating eye for 3 turns
    22 | D        | Killed a floating eye
    22 | D        | Reached skill level 5 in Axes
    22 | D        | Reached skill level 6 in Shields
    22 | D        | Reached XP level 2. HP: 30/30 MP: 2/2
    22 | D        | Reached XP level 3. HP: 36/36 MP: 3/3
    22 | D        | Reached XP level 4. HP: 44/44 MP: 4/4
    26 | D        | Found a bloodstained altar of Trog.
    26 | D        | Found a shimmering blue altar of Sif Muna.
    26 | D        | Found a viscous altar of Jiyva.
    26 | D        | Found a hazy altar of Hepliaklqana.
    26 | D        | Found an opulent altar of Gozag.
    27 | D        | Found a glowing golden altar of the Shining One.
    27 | D        | Found a glowing silver altar of Zin.
    27 | D        | Found a basalt altar of Yredelemnul.
    27 | D        | Found a shimmering altar of Xom.
    27 | D        | Found an ornate altar of the Wu Jian Council.
    27 | D        | Found a sacrificial altar of Ru.
    27 | D        | Found a stormy altar of Qazlal.
    27 | D        | Found an iron altar of Okawaru.
    27 | D        | Found a sparkling altar of Nemelex Xobeh.
    27 | D        | Found a burning altar of Makhleb.
    27 | D        | Found a blossoming altar of Fedhas.
    27 | D        | Found a white marble altar of Elyvilon.
    27 | D        | Found a shadowy altar of Dithmenos.
    27 | D        | Found a snail-covered altar of Cheibriados.
    28 | D        | Found a radiant altar of Vehumet.
    28 | D        | Found a corrupted altar of Lugonu.
    28 | D        | Found a roughly hewn altar of Beogh.
    29 | D        | Found an ancient bone altar of Kikubaaqudgha.
    29 | D        | Found a hide-covered altar of Uskayaw.
    29 | D        | Found a broken altar of Ashenzari.
    35 | D        | Became a worshipper of Makhleb the Destroyer
    75 | D        | Reached * piety under Makhleb
    88 | D        | Reached ** piety under Makhleb
   155 | D        | Noticed a warg
   155 | D        | Noticed an orc warrior
   165 | D        | Reached *** piety under Makhleb
   165 | D        | Reached skill level 5 in Armour
   168 | D        | Noticed a black bear
   171 | D        | Killed a warg
   171 | D        | Reached skill level 7 in Shields
   171 | D        | Reached XP level 5. HP: 47/51 MP: 5/5
   193 | D        | Killed an orc warrior
   193 | D        | Reached skill level 5 in Fighting
   193 | D        | Reached skill level 5 in Dodging
   193 | D        | Reached skill level 8 in Shields
   193 | D        | Reached XP level 6. HP: 44/61 MP: 6/6
   202 | D        | Reached **** piety under Makhleb
   212 | D        | Reached skill level 9 in Shields
   336 | D        | Reached skill level 1 in Invocations
   336 | D        | Reached XP level 7. HP: 67/68 MP: 6/8
   338 | D        | Noticed a dream sheep
   341 | D        | Killed a dream sheep
   341 | D        | Reached skill level 10 in Shields
   343 | D        | Noticed a lindwurm
   345 | D        | Noticed a flayed ghost
   361 | D        | HP: 2/69 [flayed ghost (15)]
   361 | D        | Slain by a flayed ghost

Illustrated notes

Levels and vault maps discovered:
D:        pitsprint [storerooms_1, entrance_room_1, metal_vault_1, armoury_1,
          mini_pit_1, grid_room_1, main_hall_1, silver_pit, the_coven_1,
          the_vestibule_1, steel_vault_4, golden_pit, hallway_of_sentries,
          crystal_vault_1, iron_vault_1, final_vault]

Skill      XL: |  1  2  3  4  5  6  7 |
---------------+----------------------+-----
Fighting       | 4 5 6 |  6.1
Axes           | 5 7 8 9 |  9.6
Armour         | 4 5 6 7 |  7.4
Dodging        | 3 4 5 6 |  6.5
Shields        | 6 7 8 9 10 | 10.0
Invocations    | 1 3 |  3.0

Action                   |  1- 3 |  4- 6 |  7- 9 || total
-------------------------+-------+-------+-------++-------
Melee: War axe           |     7 |    72 |    16 ||    95
 Abil: Heal Wounds       |       |     1 |       ||     1
  Use: Potion            |       |     2 |       ||     2
Armor: Chain mail        |       |    20 |     2 ||    22
       Scale mail        |       |     5 |       ||     5
Dodge: Dodged            |       |    22 |     5 ||    27
Block: Kite shield       |       |    38 |    10 ||    48

Table legend: (Time is in decaauts)
 A = Elapsed time spent in this place.
 B = Non-inter-level travel time spent in this place.
 C = Inter-level travel time spent in this place.
 D = Time resting spent in this place.
 E = Time spent auto-exploring this place.
 F = Levels seen in this place.
 G = Mean time per level.
                   A        B        C        D        E       F      G
               +--------+--------+--------+--------+--------+-----+--------+
         Total |    380 |    362 |     18 |    100 |      0 |   1 |  380.0 |
       Dungeon |    380 |    362 |     18 |    100 |      0 |   1 |  380.0 |
               +--------+--------+--------+--------+--------+-----+--------+

Top non-repeatable levels by time:
       D: 380 daAuts
